 Dungeon Crawl Stone Soup version 0.31-a0-920-g28cbb04a8c (webtiles) character file.

Game seed: 14743218668087263748

2482 Error4North the Ruffian (level 9, -1/71 HPs)
             Began as a Yellow Draconian Shapeshifter on Oct 17, 2023.
             Slain by a fire elemental (7 damage)
             ... summoned by a deep elf pyromancer
             ... on level 7 of the Dungeon.
             The game lasted 00:32:23 (5166 turns).

Error4North the Ruffian (DrSh)                      Turns: 5166, Time: 00:32:23

Health: -1/71      AC:  7    Str: 21    XL:     9   Next: 27%
Magic:  0/14       EV: 13    Int: 11    God:
Gold:   300        SH:  0    Dex: 10    Spells: 10/15 levels left

rFire   . .          .
                       - Unarmed
rCold   . . .        (no shield)
rNeg    . . .        (body armour unavailable)
rPois   .            (helmet currently unavailable)
rElec   .            (cloak currently unavailable)
rCorr   +            (gloves currently unavailable)
SInv    .            (boots currently unavailable)
Will    .....        d - amulet of guardian spirit
Stlth   +            (no ring)
HPRegen 0.31/turn    (no ring)
MPRegen 0.14/turn

%: guardian spirit
@: mighty, beast-form, silenced
A: beast (slay +3), spit acid, AC +7, unfitting armour, cold-blooded, acid
resistance
a: Breathe Acid, Begin Untransformation


You were on level 7 of the Dungeon.
You were a hulking beast.
You visited 1 branch of the dungeon, and saw 7 of its levels.

You collected 300 gold pieces.

Inventory:

Missiles
 g - a throwing net
 h - 12 poisoned darts (quivered)
Jewellery
 d - an amulet of guardian spirit (around neck)
Talismans
 b - a beast talisman (active)
 c - a flux talisman
Wands
 f - a wand of paralysis (6)
 n - a wand of flame (33)
Scrolls
 i - 2 scrolls of fog
 j - 3 scrolls of identify
 k - a scroll of teleportation
 l - a scroll of poison
 q - a scroll of blinking {unknown}
 r - a scroll of vulnerability
Potions
 a - 2 potions of lignification
 e - 6 potions of curing
 m - a potion of attraction


   Skills:
 * Level 4.1 Fighting
 + Level 0.8 Throwing
 + Level 5.3 Dodging
 + Level 2.7 Stealth
 + Level 6.0 Unarmed Combat
 * Level 3.5 Spellcasting
 + Level 3.0 Hexes
 + Level 3.6 Ice Magic
 * Level 0.8 Evocations
 * Level 5.6 Shapeshifting


You had 10 spell levels left.
You knew the following spells:

 Your Spells              Type           Power      Damage    Failure   Level
a - Ensorcelled Hibernat  Hex/Ice        18%        N/A       10%         2
b - Tukima's Dance        Hex            8%         N/A       22%         3

Your spell library contained the following spells:

 Spells                   Type           Power      Damage    Failure   Level
 Blink                    Tloc           2%         N/A       36%         2
 Lesser Beckoning         Tloc           2%         N/A       36%         2
 Momentum Strike          Conj/Tloc      2%         3d8       36%         2
 Passwall                 Tmut/Erth      0%         N/A       36%         2
 Gell's Gravitas          Tloc           1%         N/A       58%         3
 Stone Arrow              Conj/Erth      2%         3d7       58%         3
 Swiftness                Air            1%         N/A       58%         3
 Teleport Other           Tloc           1%         N/A       58%         3
 Dimensional Bullseye     Hex/Tloc       2%         N/A       80%         4
 Iskenderun's Mystic Bla  Conj/Tloc      1%         2d3       94%         4
 Summon Mana Viper        Hex/Summ       5%         N/A       98%         5
 Summon Forest            Summ/Tloc      0%         N/A       100%        5
 Summon Cactus Giant      Summ           0%         N/A       100%        6
 Lehudib's Crystal Spear  Conj/Erth      0%         10d2      100%        8
 Animate Armour           Summ/Erth      Unusable   N/A       N/A         4

Dungeon Overview and Level Annotations

Branches:
Dungeon (7/15)
 Temple: D:4-7

Altars:
Cheibriados
Nemelex Xobeh
Qazlal
Sif Muna
Xom
Yredelemnul
Zin

Annotations:
D:7 2 runed translucent doors


Innate Abilities, Weirdness & Mutations

You are a hulking beast.
Your limbs bulge with bestial killing power. (Slay +3)
You can spit globs of acid.
Your golden yellow scales are hard. (AC +7)
You cannot fit into any form of body armour.
You are cold-blooded and may be slowed by cold attacks.
You are resistant to acid. (rCorr)


Message History

The wight is moderately damaged.
You have got your breath back.
The wight closely misses you. Something hits you but does no damage.
You miss the wight.
The wight is moderately damaged.
The wight misses you.
You are too confused!
You bump into the rock wall.
You feel less confused. The wight barely misses you.
You punch the wight!
You destroy the wight!
The deep elf pyromancer gestures wildly while chanting.
Your Unarmed Combat skill increases to level 6!
The deep elf pyromancer attacks as it pursues you!
The deep elf pyromancer hits you with a +0 dagger.
The deep elf pyromancer attacks as it pursues you!
The deep elf pyromancer hits you but does no damage.
The fire elemental hits you. The fire elemental burns you!
The deep elf pyromancer casts a spell at you.
The bolt of fire hits the fire elemental.
The fire elemental completely resists.
The bolt of fire hits you!!
As you read the scroll labelled OBIDWIGIBO, it crumbles to dust.
A profound silence engulfs you.
It was a scroll of silence.
The fire elemental misses you.
The fire elemental barely misses you. x2
Found a stone staircase leading up.
You feel very mighty all of a sudden. The fire elemental hits you.
The fire elemental burns you! The fire elemental hits you.
The fire elemental burns you!
You punch the fire elemental!
The fire elemental is moderately damaged.
The fire elemental hits you. The fire elemental burns you!
* * * LOW HITPOINT WARNING * * *
The fire elemental hits you. The fire elemental burns you!
* * * LOW HITPOINT WARNING * * *
The deep elf pyromancer mumbles some strange words.
The deep elf pyromancer blinks!
The fire elemental hits you. The fire elemental burns you!
You die...

#..# ###....###........ ######
##.)####..#..## #..##.##. .....#
#.##....###.## ##....### .....#
####.....#..# ##...#### ≈....####
#.#...§°.#####........
≈≈......######....{○.##..........
≈≈..###...# ####.○○...........###
#≈..# ###.###...EE............#
≈≈≈.# ##))#...h.#......##..##
≈≈..# ###)#..###...###.....#
≈...# #...## ##...##.....# ≈.≈..
##..# #.#..#.....### ..... #...#
#.##.......##. #.###.
#.###.....<... ... #. #.#
#......#.. <# #. ..# #.##...##.
#...#..####..#..


You could see 2 fire elementals.

Vanquished Creatures
  The ghost of rocker the Slasher, a novice DgFi (D:5)
  Sigmund (D:3)
  Menkaure (D:5)
  Edmund (D:5)
  2 black bears
  An orc warrior (D:4)
  2 ice beasts (D:7)
  An ogre (D:5)
  A centaur (D:7)
  A kobold brigand (D:7)
  A bullfrog (D:6)
  4 scorpions
  A wyvern skeleton (D:5)
  A wight (D:7)
  2 hounds
  2 jellies
  A bullfrog skeleton (D:5)
  3 orc priests
  Ijyb (D:5)
  A centaur skeleton (D:5)
  6 iguanas
  An orc wizard (D:4)
  8 adders
  A shadow imp (D:7)
  6 ufetubi
  4 worms
  4 dart slugs
  14 orcs
  10 ball pythons
  5 endoplasms
  3 giant cockroaches
  4 goblins
  3 hobgoblins
  7 jackals
  9 kobolds
  4 quokkas
  7 bats
  4 frilled lizards
  4 rats
133 creatures vanquished.

Vanquished Creatures (collateral kills)
  3 kobolds (D:7)
3 creatures vanquished.

Grand Total: 136 creatures vanquished

Notes
Turn   | Place    | Note
-------+----------+-------------------------------------------
     0 | D:1      | Error4North the Draconian Shapeshifter began the quest for
                  | the Orb.
     0 | D:1      | Reached XP level 1. HP: 16/16 MP: 1/1
   522 | D:2      | Reached XP level 2. HP: 22/23 MP: 2/2
   640 | D:2      | Reached XP level 3. HP: 28/28 MP: 3/3
   990 | D:3      | Found a snail-covered altar of Cheibriados.
  1006 | D:3      | Learned a level 2 spell: Ensorcelled Hibernation
  1103 | D:3      | Reached XP level 4. HP: 35/35 MP: 4/4
  1177 | D:3      | Noticed Sigmund
  1207 | D:3      | Killed Sigmund
  1208 | D:3      | Reached skill level 1 in Spellcasting
  1208 | D:3      | Reached skill level 1 in Hexes
  1208 | D:3      | Reached skill level 1 in Ice Magic
  1208 | D:3      | Reached XP level 5. HP: 15/40 MP: 4/6
  1367 | D:3      | Reached skill level 1 in Stealth
  1650 | D:3      | Reached XP level 6. HP: 46/47 MP: 7/7
  1936 | D:4      | Noticed an orc warrior
  2666 | D:4      | Killed an orc warrior
  2777 | D:4      | Upgraded the game from 0.31-a0-889-g1a8549509d to
                  | 0.31-a0-920-g28cbb04a8c
  2789 | D:5      | Entered Level 5 of the Dungeon
  2801 | D:5      | Your scales start taking on a golden yellow colour.
  2801 | D:5      | Reached XP level 7. HP: 50/52 MP: 9/9
  2801 | D:5      | Gained mutation: You are resistant to acid. (rCorr) [Yellow
                  | Draconian growth]
  2834 | D:5      | Found a basalt altar of Yredelemnul.
  2865 | D:5      | Found a shimmering altar of Xom.
  2865 | D:5      | Found a glowing silver altar of Zin.
  2866 | D:5      | Found a shimmering blue altar of Sif Muna.
  3057 | D:5      | Noticed Ijyb
  3074 | D:5      | Killed Ijyb
  3141 | D:5      | Noticed Edmund
  3151 | D:5      | Killed Edmund
  3198 | D:5      | Found a runed translucent gate.
  3199 | D:5      | Found a runed translucent gate.
  3200 | D:5      | Found a runed translucent gate.
  3326 | D:5      | Noticed Menkaure
  3334 | D:5      | Killed Menkaure
  3335 | D:5      | Reached skill level 4 in Unarmed Combat
  3397 | D:5      | Reached skill level 5 in Shapeshifting
  3420 | D:5      | Reached XP level 8. HP: 41/62 MP: 7/11
  3433 | D:5      | HP: 2/62 [iguana (7)]
  3676 | D:5      | Noticed rocker's ghost (novice DgFi)
  3696 | D:5      | Killed rocker's ghost
  3698 | D:5      | Reached skill level 5 in Unarmed Combat
  3911 | D:6      | Reached skill level 5 in Dodging
  4136 | D:6      | Learned a level 3 spell: Tukima's Dance
  4377 | D:6      | Found a sparkling altar of Nemelex Xobeh.
  4726 | D:7      | Found a stormy altar of Qazlal.
  4753 | D:7      | Reached XP level 9. HP: 60/70 MP: 8/14
  4908 | D:7      | Found a large runed translucent door.
  4909 | D:7      | Found a large runed translucent door.
  4917 | D:7      | Noticed a deep elf pyromancer
  4918 | D:7      | Noticed a boulder beetle
  5156 | D:7      | Reached skill level 6 in Unarmed Combat
  5166 | D:7      | Slain by a fire elemental

Illustrated notes

Levels and vault maps discovered:
D:1:      dpeg_arrival_round_b, layout_basic
D:2:      layout_rooms, nrook_uturn
D:3:      layout_basic, general_overflow_altar, minmay_pentangle, uniq_sigmund
D:4:      layout_gridville, guppyfry_early_orc_mine
D:5:      layout_rooms, old_standard_altar, gammafunk_temple_overflow_forgotten,
          gammafunk_ghost_necromancy, wad_rectangle_vault, uniq_menkaure,
          uniq_edmund, uniq_ijyb
D:6:      layout_loops_ring, nemelex_diamond_rough_becter, serial_aquarium,
          aquarium_bridge_straight [aquarium_subvault_bridge,
          aquarium_subvault_balcony, aquarium_subvault_bridge,
          aquarium_subvault_wall], aquarium_bridge_square
          [aquarium_subvault_bridge, aquarium_subvault_wall,
          aquarium_subvault_bridge, aquarium_subvault_bridge],
          aquarium_window_fake, aquarium_window_1, aquarium_view_2b,
          aquarium_view_2c
D:7:      layout_layer_cave, nicolae_qazlal_general_emergency,
          minmay_temple_entry_butterflies, minmay_hollow_rounded_squares

Skill      XL: |  1  2  3  4  5  6  7  8  9 |
---------------+----------------------------+-----
Dodging        | 2 3 4 5 |  5.3
Spellcasting   | 1 2 3 |  3.5
Hexes          | 1 2 3 |  3.0
Ice Magic      | 1 2 3 |  3.6
Shapeshifting  | 4 5 |  5.6
Stealth        | 1 2 |  2.7
Fighting       | 2 3 4 |  4.1
Unarmed Combat | 4 5 6 |  6.0
Throwing       | |  0.8
Evocations     | |  0.8

Action                     |  1- 3 |  4- 6 |  7- 9 || total
---------------------------+-------+-------+-------++-------
  Melee: Unarmed           |   104 |   188 |   230 ||   522
         Tailslap          |    10 |    21 |    43 ||    74
         Punch             |     4 |     3 |    11 ||    18
  Throw: Dart              |       |       |     8 ||     8
   Cast: Ensorcelled Hiber |       |       |     3 ||     3
         Tukima's Dance    |       |       |     1 ||     1
Ability: Breathe Acid      |       |       |     9 ||     9
    Use: Potion            |       |     6 |     5 ||    11
         Scroll            |       |     5 |     3 ||     8
   Stab: Sleeping          |     1 |     2 |     3 ||     6
         Invisible         |       |       |     2 ||     2
 Armour: Skin              |    57 |   121 |   142 ||   320
  Dodge: Dodged            |    60 |   116 |   133 ||   309

Table legend: (Time is in decaauts)
 A = Elapsed time spent in this place.
 B = Non-inter-level travel time spent in this place.
 C = Inter-level travel time spent in this place.
 D = Time resting spent in this place.
 E = Time spent auto-exploring this place.
 F = Levels seen in this place.
 G = Mean time per level.
                   A        B        C        D        E       F      G
               +--------+--------+--------+--------+--------+-----+--------+
         Total |   5155 |   5058 |     97 |    547 |   3029 |   7 |  736.4 |
       Dungeon |   5155 |   5058 |     97 |    547 |   3029 |   7 |  736.4 |
               +--------+--------+--------+--------+--------+-----+--------+

Top non-repeatable levels by time:
     D:5: 1017 daAuts
     D:4: 944 daAuts
     D:6: 912 daAuts
     D:3: 876 daAuts
     D:1: 507 daAuts
     D:2: 459 daAuts
     D:7: 437 daAuts
